 Dungeon Crawl Stone Soup version 0.30.0-17-ge0270778cf (webtiles) character file.

Game seed: 17449469674562436969

59 tizbic2 the Trooper (level 4, 0/45 HPs)
             Began as an Ogre Gladiator on May 21, 2023.
             Slain by a cerulean imp
             ... wielding a +1 spear
             ... summoned by Natasha
              (2 damage)
             ... on level 2 of the Dungeon.
             The game lasted 00:04:27 (1381 turns).

tizbic2 the Trooper (Ogre Gladiator)                Turns: 1381, Time: 00:04:28

Health: 0/45       AC:  3    Str: 20    XL:     4   Next: 3%
Magic:  0/4        EV: 10    Int:  9    God:
Gold:   59         SH:  0    Dex: 10    Spells: 3/3 levels left

rFire   . . .        l - +0 battleaxe
rCold   . . .        (shield currently unavailable)
rNeg    . . .        b - +0 robe
rPois   .            c - +0 hat
rElec   .            (no cloak)
rCorr   .            (gloves unavailable)
SInv    .            (boots unavailable)
Will    .....        f - amulet of guardian spirit
Stlth   +            (no ring)
HPRegen 0.27/turn    (no ring)
MPRegen 0.09/turn

%: guardian spirit
@: slowed, very slow
A: large, unfitting armour, tough skin 1
a: no special abilities


You were on level 2 of the Dungeon.
You visited 1 branch of the dungeon, and saw 2 of its levels.

You collected 59 gold pieces.

Inventory:

Hand Weapons
 a - a +0 flail
 j - a +0 club
 l - a +0 battleaxe (weapon)
Missiles
 d - 3 throwing nets
 o - 12 stones (quivered)
Armour
 b - a +0 robe (worn)
 c - a +0 hat (worn)
Jewellery
 f - an amulet of guardian spirit (around neck)
 i - an amulet of magic regeneration
Scrolls
 m - 2 scrolls of identify {unknown}
 p - a scroll of noise {unknown}
Potions
 g - a potion of brilliance {unknown}
 h - 2 potions of lignification {unknown}
 k - a potion of heal wounds {unknown}
 n - a potion of curing {unknown}
 q - a potion of flight {unknown}
 r - 2 potions of mutation {unknown}


   Skills:
 + Level 3.3 Fighting
 * Level 1.0(2.4) Axes
 + Level 3.2(3.3) Maces & Flails
 * Level 2.7 Throwing
 + Level 3.0 Dodging


You had 3 spell levels left.
You didn't know any spells.
Your spell library was empty.

Dungeon Overview and Level Annotations

Branches:
Dungeon (2/15)

Altars:

Annotations:
D:2 Natasha


Innate Abilities, Weirdness & Mutations

You are too large for most types of armour.
You have tough skin. (AC +1)


Message History

You throw a large rock. The large rock closely misses Natasha.
Natasha claws you.
A rat comes into view.
You closely miss Natasha.
Natasha is lightly wounded.
Natasha claws you. Natasha casts a spell at you.
You feel yourself slow down.
You miss Natasha.
Natasha is lightly wounded.
Natasha closely misses you. x2
You miss Natasha.
Natasha is lightly wounded.
Natasha howls an incantation.
You feel troubled. Natasha claws you! Natasha claws you.
Natasha mumbles some strange words.
You closely miss Natasha.
Natasha is lightly wounded.
Natasha barely misses you.
The cerulean imp hits you from afar with a +1 spear.
Natasha claws you.
The cerulean imp hits you from afar with a +1 spear.
You closely miss Natasha.
Natasha is lightly wounded.
Natasha mumbles some strange words.
The cerulean imp closely misses you. Natasha claws you!
* * * LOW HITPOINT WARNING * * *
The cerulean imp hits you but does no damage.
You barely miss Natasha.
Natasha is lightly wounded.
Natasha claws you.
* * * LOW HITPOINT WARNING * * *
The cerulean imp barely misses you.
The cerulean imp hits you from afar with a +1 spear.
* * * LOW HITPOINT WARNING * * *
Natasha claws you.
* * * LOW HITPOINT WARNING * * *
The cerulean imp hits you from afar with a +1 spear.
You die...

## .. #.# ###### ### #(.
.....#### ##.. #..
#....###.# #.5
####........# .
#####5h##.......###.###.
.......@..<..#### ##...#
#.####.##.#..# ####.##
#.......# #......
#.##.#..# #.##.#. #.
#.#..# # #.#. #.
#.#..... #... #.
...........####. ## #..
........... ....####.


You could see Natasha and 2 cerulean imps.

Vanquished Creatures
  A gnoll (D:1)
  A worm (D:2)
  7 endoplasms (D:1)
  A giant cockroach (D:1)
  4 goblins (D:1)
  4 hobgoblins
  4 jackals (D:1)
  4 kobolds (D:1)
  4 ball pythons (D:1)
  5 bats
  4 frilled lizards
  2 rats (D:1)
41 creatures vanquished.

Notes
Turn   | Place    | Note
-------+----------+-------------------------------------------
     0 | D:1      | tizbic2 the Ogre Gladiator began the quest for the Orb.
     0 | D:1      | Reached XP level 1. HP: 22/22 MP: 1/1
   337 | D:1      | Reached XP level 2. HP: 27/29 MP: 0/2
   547 | D:1      | Reached XP level 3. HP: 34/37 MP: 3/3
  1244 | D:2      | Reached skill level 1 in Axes
  1363 | D:2      | Reached XP level 4. HP: 41/45 MP: 2/4
  1371 | D:2      | Noticed Natasha
  1381 | D:2      | HP: 2/45 [Natasha (3)]
  1381 | D:2      | Slain by a cerulean imp

Illustrated notes

Levels and vault maps discovered:
D:1:      minmay_arrival_doors, layout_basic, minmay_pentomino_z2
D:2:      layout_loops_cross, uniq_natasha

Skill      XL: |  1  2  3 |
---------------+----------+-----
Maces & Flails | 3 |  3.2
Fighting       | 3 |  3.3
Axes           | 1 |  1.0
Dodging        | 3 |  3.0
Throwing       | |  2.7

Action                     |  1- 3 |  4- 6 || total
---------------------------+-------+-------++-------
  Melee: Flail             |    53 |       ||    53
         Club              |    14 |       ||    14
         Punch             |     1 |       ||     1
         Battleaxe         |   105 |     6 ||   111
  Throw: Stone             |       |     3 ||     3
         Large rock        |       |     1 ||     1
 Armour: Robe              |    79 |     1 ||    80
  Dodge: Dodged            |   126 |     5 ||   131
